 Dungeon Crawl Stone Soup version 0.14-a0-1388-g200237c (webtiles) character file.

120 Psiweapon the Fey Formicid (level 4, -5/40 HPs)
             Began as a Formicid Death Knight on Dec 9, 2013.
             Was a Believer of Yredelemnul.
             Succumbed to a kobold's poison
             ... on Level 3 of the Dungeon.
             The game lasted 00:10:22 (2332 turns).

Psiweapon the Fey Formicid (Formicid Death Knight)  Turns: 2332, Time: 00:10:22

HP  -5/40        AC 22     Str 19      XL: 4   Next: 84%
MP   7/7         EV  1     Int 10      God: Yredelemnul [**....]
Gold 46          SH  0     Dex 10      Spells:  0 memorised,  3 levels left

rFire  . . .     SeeInvis .     a - +1 mace
rCold  . . .     Clarity  .     b - melded +0 leather armour
rNeg   + + +     Conserve .     (no shield)
rPois  .         rCorr    .     (helmet unavailable)
rElec  .         rRot     .     (cloak currently unavailable)
SustAb . .       Spirit   .     p - melded +0 pair of gloves (curse)
rMut   .         Warding  .     (boots currently unavailable)
Saprov . . .     Stasis   +     (no amulet)
                                (no ring)
                                (no ring)

@: tree-form, extremely poisoned, slightly resistant to hostile enchantments,
unstealthy
A: permanent stasis, dig shafts and tunnels, four strong arms, poison weakness,
(antennae 0), (exoskeleton 0)
a: Dig, Shaft Self, Animate Remains, Recall Undead Slaves, Injury Mirror,
Renounce Religion


You were on level 3 of the Dungeon.
You worshipped Yredelemnul.
Yredelemnul was pleased with you.
You were not hungry.
You were an animated tree.
You visited 1 branch of the dungeon, and saw 3 of its levels.

You collected 46 gold pieces.

Inventory:

Hand weapons
 a - a +1,+1 mace (weapon)
 c - a +0,+0 club
 k - a +0,+0 cutlass
Armour
 b - a +0 leather armour (melded)
 p - a cursed +0 pair of gloves (melded)
Comestibles
 i - an apple
 n - a chunk of giant cockroach flesh
 q - a snozzcumber
 s - a meat ration
Scrolls
 d - a scroll of magic mapping {unknown}
 f - 2 scrolls of teleportation {unknown}
 g - 4 scrolls of identify {unknown}
 h - a scroll of enchant weapon II {unknown}
 j - a scroll of curse jewellery {unknown}
 l - a scroll of remove curse {unknown}
 r - a scroll of fear {unknown}
Potions
 e - a potion of restore abilities
 o - a potion of resistance {unknown}


   Skills:
 + Level 2.7 Fighting
 + Level 3.0 Maces & Flails
 + Level 1.9 Armour
 - Level 1.0 Dodging
 + Level 4.1 Invocations


You had 3 spell levels left.
You didn't know any spells.

Dungeon Overview and Level Annotations

Branches:
Dungeon (3/16)

Altars:
Trog


Innate Abilities, Weirdness & Mutations

Your are under a permanent stasis effect.
You can dig through walls and to a lower floor.
Your four strong arms can wield any weapon, most with a shield.
You are susceptible to poison.
((You have a pair of large antennae on your head (SInv).))*
((Your body is surrounded by an exoskeleton. (HP +5, AC +1)))*


Message History

A worm comes into view.
You feel very sick.
The kobold shoots a poisoned needle.
The poisoned needle hits you!
You are more poisoned.
You see here a poisoned needle.
You feel extremely sick.
The kobold unwields an uncursed blowgun.
The kobold wields an uncursed short sword.
The kobold barely misses you.
You sock the kobold!
You kill the kobold!
Yredelemnul accepts your kill.
* * * LOW HITPOINT WARNING * * *
You feel extremely sick.
Drink which item? (? for menu, Esc to quit)
You turn into an animated tree.
Your cursed +0 pair of gloves melds into your body.
Your +0 leather armour melds into your body.
Your roots penetrate the ground.
It was a potion of lignification.
You die...
Your body rises from the dead as a mindless zombie.

#######.
#.......#
#.......#
###.......#
.........#
####.......#
#<.((♣)....#
#.##.......#
#.##.......#
#.##.....#.#
#.##.....# #
...........
##.#....w#.
.......#
.#...


You could see a worm.

Vanquished Creatures
  2 adders (D:2)
  2 giant geckos
  An ooze (D:2)
  An orc (D:2)
  2 bats
  6 giant cockroaches
  10 hobgoblins
  2 jackals (D:2)
  4 kobolds
  A quokka (D:2)
  8 giant newts
  5 goblins
  3 rats (D:2)
47 creatures vanquished.

Vanquished Creatures (collateral kills)
  A goblin (D:2)
  A hobgoblin (D:2)
  2 rats (D:2)
4 creatures vanquished.

Vanquished Creatures (others)
  A giant newt zombie (D:2)
  A goblin zombie (D:1)
  A hobgoblin zombie (D:2)
  A jackal zombie (D:2)
  An orc zombie (D:2)
5 creatures vanquished.

Grand Total: 56 creatures vanquished

Notes
Turn   | Place    | Note
--------------------------------------------------------------
     0 | D:1      | Psiweapon, the Formicid Death Knight, began the quest for the Orb.
     0 | D:1      | Reached XP level 1. HP: 17/17 MP: 2/2
    88 | D:1      | Reached skill level 1 in Dodging
    95 | D:1      | Reached XP level 2. HP: 7/22 MP: 4/4
   530 | D:1      | Reached XP level 3. HP: 23/26 MP: 2/5
  1258 | D:2      | Found a bloodstained altar of Trog.
  1285 | D:2      | Reached XP level 4. HP: 29/32 MP: 4/7
  1293 | D:2      | Acquired Yredelemnul's second power
  1540 | D:2      | Reached skill level 4 in Invocations
  1591 | D:2      | HP: 1/32 [poisoned by an adder]
  2332 | D:3      | Succumbed to a kobold's poison

Action                   |  1- 3 |  4- 6 || total
-------------------------+-------+-------++-------
Melee: Mace              |    89 |    73 ||   162
       Cutlass           |     2 |       ||     2
Invok: Animate Remains   |    14 |     5 ||    19
 Abil: Dig               |       |     1 ||     1
  Use: Potion            |       |     3 ||     3
